 Dungeon Crawl Stone Soup version 0.22-a0-271-gc000056 (webtiles) character file.

3962 tidbits the Martial Artist (level 10, -7/76 HPs)
             Began as a Gnoll Transmuter on Mar 11, 2018.
             Was a Believer of Cheibriados.
             Mangled by a manticore (19 damage)
             ... on level 11 of the Dungeon.
             The game lasted 00:25:15 (2626 turns).

tidbits the Martial Artist (Gnoll Transmuter)       Turns: 2626, Time: 00:25:16

Health: -7/76      AC:  2    Str: 19    XL:     10   Next: 22%
Magic:  13/20      EV: 29    Int: 24    God:    Cheibriados [**....]
Gold:   105        SH:  2    Dex: 27    Spells: 4/23 levels left

rFire    . . .     SeeInvis +     - Unarmed
rCold    . . .     Gourm    .   (shield currently unavailable)
rNeg     . . .     Faith    .   (armour currently unavailable)
rPois    x         Spirit   .   (helmet currently unavailable)
rElec    .         Reflect  +   (cloak currently unavailable)
rCorr    .         Harm     .   (gloves currently unavailable)
MR       .....                  (boots currently unavailable)
Stlth    ++++......             f - +2 amulet of reflection
HPRegen  0.22/turn              n - ring of see invisible
MPRegen  0.17/turn              (no ring)

@: spider-form, very slow
A: tiny, distributed training, strong nose
a: End Transformation, Bend Time, Renounce Religion


You were on level 11 of the Dungeon.
You worshipped Cheibriados.
Cheibriados was pleased with you.
You were hungry.
You were a venomous arachnid creature.
You visited 1 branch of the dungeon, and saw 12 of its levels.

You collected 267 gold pieces.
You spent 162 gold pieces at shops.

Inventory:

Hand Weapons
 g - a +0 dagger (melded)
 j - a +0 dagger of venom
   (You found it on level 4 of the Dungeon)
 k - a +0 flail of draining
   (You took it off an orc on level 7 of the Dungeon)
 t - a +0 hunting sling
 C - a +2 whip of electrocution
   (You took it off an orc on level 9 of the Dungeon)
 D - a +2 scimitar of flaming
   (You took it off Erica on level 9 of the Dungeon)
Missiles
 a - 91 arrows
 i - 26 stones
 q - 4 tomahawks (quivered)
 F - 4 steel tomahawks
Armour
 p - a +0 ring mail
 B - a +0 robe (melded)
 E - a +2 helmet (melded)
 G - a +0 pair of gloves (melded)
Jewellery
 b - an uncursed ring of fire
   (You found it on level 4 of the Dungeon)
 f - a +2 amulet of reflection (around neck)
   (You found it on level 3 of the Dungeon)
 n - a ring of see invisible (left front leg)
   (You found it on level 2 of the Dungeon)
 z - an uncursed ring of teleportation
   (You found it on level 7 of the Dungeon)
Wands
 y - a wand of enslavement (15)
 H - a wand of polymorph (8)
Scrolls
 c - 4 scrolls of teleportation
 h - a scroll of amnesia
 o - 2 scrolls of enchant armour
 r - 3 scrolls of remove curse
 s - a scroll of noise {unknown}
 u - a scroll of torment
 v - a scroll of fear
 A - a scroll of blinking
Potions
 e - 2 potions of brilliance
 l - a potion of heal wounds
 m - 3 potions of curing
 w - a potion of flight
 x - a potion of lignification
 I - a potion of ambrosia {unknown}
Comestibles
 d - 13 rations


   Skills:
 + Level 5.6 Fighting
 + Level 5.0 Short Blades
 + Level 5.0 Long Blades
 + Level 5.0 Axes
 + Level 5.0 Maces & Flails
 + Level 5.0 Polearms
 + Level 5.0 Staves
 + Level 5.0 Slings
 + Level 5.0 Bows
 + Level 5.0 Crossbows
 + Level 5.0 Throwing
 + Level 5.0 Armour
 + Level 6.8 Dodging
 + Level 5.0 Stealth
 + Level 5.0 Shields
 + Level 8.3 Unarmed Combat
 + Level 7.1 Spellcasting
 + Level 4.1 Conjurations
 + Level 4.1 Hexes
 + Level 4.1 Charms
 + Level 4.1 Summonings
 + Level 4.1 Necromancy
 + Level 4.1 Translocations
 + Level 5.6 Transmutations
 + Level 4.1 Fire Magic
 + Level 4.1 Ice Magic
 + Level 4.1 Air Magic
 + Level 4.1 Earth Magic
 + Level 4.1 Poison Magic
 + Level 5.4 Invocations
 + Level 5.0 Evocations


You had 4 spell levels left.
You knew the following spells:

 Your Spells              Type           Power        Failure   Level  Hunger
e - Beastly Appendage     Tmut           #####.       4%          1    None
h - Blade Hands           Tmut           #####.....   38%         5    #####..
k - Sticks to Snakes      Tmut           #####...     5%          2    None
p - Spider Form           Tmut/Pois      ####......   10%         3    None
t - Sticky Flame          Conj/Fire      ####....     30%         4    ###....
O - Olgreb's Toxic Radia  Pois           ####....     30%         4    ###....


Dungeon Overview and Level Annotations

Branches:
Dungeon (12/15)
 Temple: D:4-7         Lair: D:8-11         Orc: D:9-12

Altars:
Ashenzari
Cheibriados
Gozag
Hepliaklqana
Okawaru
Qazlal
Xom
Yredelemnul
Beogh

Shops:
D:7 *!?

Annotations:
D:3 anet's ghost, amateur GnMo


Innate Abilities, Weirdness & Mutations

Your experience applies equally to all skills.
((You have very sharp teeth.))
Your uncanny sense of smell can sniff out nearby items.


Message History

Found a scale mail.
Found a stone staircase leading down.
There is a stone staircase leading down here.
You climb downwards.
Your summoned allies are left behind.
A water moccasin, a hydra and 4 vampire mosquitoes come into view.
The vampire mosquito buzzes angrily.
The five-headed hydra roars!
The vampire mosquito buzzes angrily. x3; The water moccasin hisses angrily.
Found a wooden wand.
There is a stone staircase leading up here.
Unknown command.
You climb upwards.
Your ball python withers and dies!
There is a stone staircase leading down here.
Unknown command.
Your ball python withers and dies!
Your transformation is almost over.
Your transformation has ended.
Your +0 dagger unmelds from your body.
Your +2 helmet unmelds from your body.
Your +0 pair of gloves unmelds from your body.
Your +0 robe unmelds from your body.
Found a stone staircase leading up.
An iguana comes into view.
The iguana hisses angrily.
The iguana hisses menacingly.
Unknown command.
You see here a scale mail.
Casting: Sticks to Snakes (safe; 1% risk of failure)
Confirm with . or Enter, or press ? or * to list all spells.
You create 2 snakes!
You now have 93 arrows.
Casting: Sticks to Snakes (safe; 1% risk of failure)
Confirm with . or Enter, or press ? or * to list all spells.
You create a snake!
You now have 92 arrows.
The iguana closely misses your ball python.
Your ball python barely misses the iguana.
Your ball python grabs the iguana.
Your ball python constricts the iguana.
Casting: Sticks to Snakes (safe; 1% risk of failure)
Confirm with . or Enter, or press ? or * to list all spells.
You turn into a venomous arachnid creature.
Your +0 dagger melds into your body.
Your +2 helmet melds into your body.
Your +0 pair of gloves melds into your body.
Your +0 robe melds into your body.
The iguana barely misses your ball python.
Your ball python bites the manticore but does no damage.
Your ball python bites the iguana but does no damage.
Your ball python constricts the iguana.
The manticore bites your ball python!
Your ball python dies!
Okay, then.
The iguana bites your ball python.
Your ball python completely misses the iguana.
Your ball python constricts the iguana.
The iguana bites your ball python!
Your ball python dies!
The manticore completely misses you. x2; The manticore claws you.
Your ball python barely misses the iguana. x2
The iguana barely misses your ball python.
The manticore barely misses you. The manticore closely misses you.
The manticore claws you.
Your ball python bites the iguana.
Your ball python barely misses the iguana.
Unknown command.
You hit the manticore but do no damage.
The manticore is poisoned.
The iguana bites your ball python.
Your ball python dies!
You block the manticore's attack. The manticore completely misses you.
The manticore barely misses you.
Casting: Spider Form (safe; 10% risk of failure)
Confirm with . or Enter, or press ? or * to list all spells.
You create a snake!
You now have 91 arrows.
The iguana bites your ball python!
Your ball python dies!
The manticore completely misses you. The manticore misses you.
The manticore barely misses you.
You bite the manticore!
The manticore looks as sick as possible!
The manticore is lightly wounded.
You hit the manticore.
The manticore looks as sick as possible!
The manticore is moderately wounded.
The manticore completely misses you. The manticore claws you!
The manticore completely misses you. The iguana completely misses you.
You completely miss the manticore.
The manticore is moderately wounded.
The manticore bites you!!
* * * LOW HITPOINT WARNING * * *
You block the manticore's attack. The manticore claws you!
* * * LOW HITPOINT WARNING * * *
The iguana bites you!
* * * LOW HITPOINT WARNING * * *
You feel much better. The manticore completely misses you.
The manticore closely misses you. The manticore completely misses you.
The iguana bites you!
* * * LOW HITPOINT WARNING * * *
Unknown command.
You bite the manticore!
The manticore is heavily wounded.
The manticore completely misses you. You block the manticore's attack.
The manticore claws you!
* * * LOW HITPOINT WARNING * * *
You hit the manticore but do no damage.
The manticore looks as sick as possible!
The manticore is heavily wounded.
The iguana closely misses you. The manticore bites you!!
You die...

#...# #..# #...#
#..# #...# #..#
#...# #..#
#...#####..#
#..........#
#.###...#####.[#
#.......# #..#
######..# #sl#
#..# #.H......
#..# #..<.....
#..# #........
#..#####........
#..........?....
#...<...).......
#...............
#...........


You could see a manticore and an iguana.

Vanquished Creatures
  Erica (D:9)
  A centaur zombie (D:11)
  A troll (D:9)
  A hippogriff (D:10)
  A wyvern (D:8)
  A yak (D:9)
  An orc warrior (D:10)
  A sky beast (D:6)
  A black bear (D:10)
  An eye of draining (D:9)
  2 ice beasts
  A necrophage (D:7)
  4 ogres
  2 phantoms
  A crocodile (D:7)
  2 centaurs
  A big kobold (D:7)
  Blork the orc (D:5)
  2 bullfrogs
  2 howler monkeys (D:7)
  A crimson imp (D:6)
  2 bullfrog zombies
  A hound (D:10)
  An orc priest (D:8)
  4 orc wizards
  3 iguanas
  A worker ant (D:9)
  3 gnolls
  8 adders
  A shadow imp (D:6)
  2 adder skeletons
  3 dart slugs
  A leopard gecko (D:4)
  17 orcs
  2 giant cockroaches (D:2)
  4 goblins
  2 hobgoblins (D:2)
  8 jackals
  3 quokkas
  2 frilled lizards
  A jackal zombie (D:6)
  6 kobolds
  2 rats
106 creatures vanquished.

Vanquished Creatures (collateral kills)
  A bullfrog (D:8)
  A wyvern skeleton (D:10)
  A quasit (D:9)
  A centaur skeleton (D:7)
  A howler monkey zombie (D:7)
  An adder zombie (D:6)
  4 orcs
10 creatures vanquished.

Grand Total: 116 creatures vanquished

Notes
Turn   | Place    | Note
-------+----------+-------------------------------------------
     0 | D:1      | tidbits the Gnoll Transmuter began the quest for the Orb.
     0 | D:1      | Reached XP level 1. HP: 17/17 MP: 6/6
    60 | D:2      | Reached XP level 2. HP: 20/23 MP: 5/7
    64 | D:2      | Learned a level 2 spell: Sticks to Snakes
    75 | D:2      | Found a shattered altar of Ashenzari.
   166 | D:3      | Reached XP level 3. HP: 19/28 MP: 3/9
   167 | D:3      | Reached skill level 5 in Spellcasting
   172 | D:3      | Learned a level 3 spell: Spider Form
   174 | D:3      | Noticed anet's ghost (amateur GnMo)
   233 | D:2      | Reached skill level 1 in Invocations
   524 | D:2      | Found a basalt altar of Yredelemnul.
   531 | D:2      | Reached skill level 1 in Short Blades
   531 | D:2      | Reached skill level 1 in Long Blades
   531 | D:2      | Reached skill level 1 in Axes
   531 | D:2      | Reached skill level 1 in Maces & Flails
   531 | D:2      | Reached skill level 1 in Polearms
   531 | D:2      | Reached skill level 1 in Staves
   531 | D:2      | Reached skill level 1 in Slings
   531 | D:2      | Reached skill level 1 in Bows
   531 | D:2      | Reached skill level 1 in Crossbows
   531 | D:2      | Reached skill level 1 in Throwing
   531 | D:2      | Reached skill level 1 in Armour
   531 | D:2      | Reached skill level 1 in Stealth
   531 | D:2      | Reached skill level 1 in Shields
   531 | D:2      | Reached skill level 1 in Evocations
   624 | D:3      | Reached XP level 4. HP: 21/34 MP: 7/11
   760 | D:4      | Noticed a centaur
   766 | D:4      | Killed a centaur
   766 | D:4      | Reached skill level 1 in Conjurations
   766 | D:4      | Reached skill level 1 in Hexes
   766 | D:4      | Reached skill level 1 in Charms
   766 | D:4      | Reached skill level 1 in Summonings
   766 | D:4      | Reached skill level 1 in Necromancy
   766 | D:4      | Reached skill level 1 in Translocations
   766 | D:4      | Reached skill level 1 in Fire Magic
   766 | D:4      | Reached skill level 1 in Ice Magic
   766 | D:4      | Reached skill level 1 in Air Magic
   766 | D:4      | Reached skill level 1 in Earth Magic
   766 | D:4      | Reached skill level 1 in Poison Magic
   766 | D:4      | Reached XP level 5. HP: 39/40 MP: 6/12
   773 | D:5      | Entered Level 5 of the Dungeon
   793 | D:4      | Found a shattered altar of Ashenzari.
   865 | D:4      | Reached skill level 3 in Fighting
   875 | D:4      | Reached skill level 4 in Transmutations
   929 | D:4      | Found an opulent altar of Gozag.
   986 | D:6      | Noticed a sky beast
  1005 | D:5      | Noticed Blork the orc
  1012 | D:5      | Killed Blork the orc
  1012 | D:5      | Reached skill level 2 in Invocations
  1012 | D:5      | Reached XP level 6. HP: 21/47 MP: 10/14
  1097 | D:6      | Reached skill level 2 in Short Blades
  1097 | D:6      | Reached skill level 2 in Long Blades
  1097 | D:6      | Reached skill level 2 in Axes
  1097 | D:6      | Reached skill level 2 in Maces & Flails
  1097 | D:6      | Reached skill level 2 in Polearms
  1097 | D:6      | Reached skill level 2 in Staves
  1097 | D:6      | Reached skill level 2 in Slings
  1097 | D:6      | Reached skill level 2 in Bows
  1097 | D:6      | Reached skill level 2 in Crossbows
  1097 | D:6      | Reached skill level 2 in Throwing
  1097 | D:6      | Reached skill level 2 in Armour
  1097 | D:6      | Reached skill level 5 in Dodging
  1097 | D:6      | Reached skill level 2 in Stealth
  1097 | D:6      | Reached skill level 2 in Shields
  1097 | D:6      | Reached skill level 2 in Evocations
  1118 | D:6      | Killed a sky beast
  1118 | D:6      | Reached XP level 7. HP: 35/52 MP: 0/15
  1235 | D:5      | Reached skill level 7 in Unarmed Combat
  1235 | D:5      | Reached skill level 2 in Conjurations
  1235 | D:5      | Reached skill level 2 in Hexes
  1235 | D:5      | Reached skill level 2 in Charms
  1235 | D:5      | Reached skill level 2 in Summonings
  1235 | D:5      | Reached skill level 2 in Necromancy
  1235 | D:5      | Reached skill level 2 in Translocations
  1235 | D:5      | Reached skill level 2 in Fire Magic
  1235 | D:5      | Reached skill level 2 in Ice Magic
  1235 | D:5      | Reached skill level 2 in Air Magic
  1235 | D:5      | Reached skill level 2 in Earth Magic
  1235 | D:5      | Reached skill level 2 in Poison Magic
  1266 | D:5      | Found a snail-covered altar of Cheibriados.
  1270 | D:5      | Became a worshipper of Cheibriados the Contemplative
  1324 | D:5      | Found a hazy altar of Hepliaklqana.
  1325 | D:5      | Found a shimmering altar of Xom.
  1326 | D:5      | Noticed a spectral ugly thing
  1491 | D:6      | Found an iron altar of Okawaru.
  1497 | D:7      | Found Ete Muh's Magic Scroll Shoppe.
  1516 | D:7      | Bought a scroll of amnesia for 42 gold pieces
  1516 | D:7      | Bought a scroll of identify for 24 gold pieces
  1516 | D:7      | Bought a scroll of identify for 24 gold pieces
  1516 | D:7      | Bought a scroll of remove curse for 36 gold pieces
  1558 | D:7      | Reached skill level 3 in Invocations
  1582 | D:7      | Reached * piety under Cheibriados
  1636 | D:7      | Reached XP level 8. HP: 41/60 MP: 7/16
  1697 | D:6      | Reached skill level 4 in Fighting
  1697 | D:6      | Reached skill level 3 in Short Blades
  1697 | D:6      | Reached skill level 3 in Long Blades
  1697 | D:6      | Reached skill level 3 in Axes
  1697 | D:6      | Reached skill level 3 in Maces & Flails
  1697 | D:6      | Reached skill level 3 in Polearms
  1697 | D:6      | Reached skill level 3 in Staves
  1697 | D:6      | Reached skill level 3 in Slings
  1697 | D:6      | Reached skill level 3 in Bows
  1697 | D:6      | Reached skill level 3 in Crossbows
  1697 | D:6      | Reached skill level 3 in Throwing
  1697 | D:6      | Reached skill level 3 in Armour
  1697 | D:6      | Reached skill level 3 in Stealth
  1697 | D:6      | Reached skill level 3 in Shields
  1697 | D:6      | Reached skill level 3 in Evocations
  1753 | D:7      | Found Zarugun's Distillery.
  1760 | D:7      | Reached skill level 6 in Spellcasting
  1764 | D:7      | Bought a potion of lignification for 36 gold pieces
  1773 | D:7      | Found a stormy altar of Qazlal.
  1821 | D:7      | Found Oviubb's General Store.
  1958 | D:8      | Noticed a wyvern
  1964 | D:8      | Killed a wyvern
  1964 | D:8      | Reached skill level 3 in Conjurations
  1964 | D:8      | Reached skill level 3 in Hexes
  1964 | D:8      | Reached skill level 3 in Charms
  1964 | D:8      | Reached skill level 3 in Summonings
  1964 | D:8      | Reached skill level 3 in Necromancy
  1964 | D:8      | Reached skill level 3 in Translocations
  1964 | D:8      | Reached skill level 3 in Fire Magic
  1964 | D:8      | Reached skill level 3 in Ice Magic
  1964 | D:8      | Reached skill level 3 in Air Magic
  1964 | D:8      | Reached skill level 3 in Earth Magic
  1964 | D:8      | Reached skill level 3 in Poison Magic
  1964 | D:8      | Reached skill level 4 in Invocations
  2066 | D:8      | Reached skill level 6 in Dodging
  2066 | D:8      | Reached XP level 9. HP: 58/66 MP: 14/18
  2089 | D:9      | Noticed a troll
  2099 | D:9      | Killed a troll
  2099 | D:9      | Reached skill level 5 in Transmutations
  2177 | D:9      | Reached skill level 4 in Short Blades
  2177 | D:9      | Reached skill level 4 in Long Blades
  2177 | D:9      | Reached skill level 4 in Axes
  2177 | D:9      | Reached skill level 4 in Maces & Flails
  2177 | D:9      | Reached skill level 4 in Polearms
  2177 | D:9      | Reached skill level 4 in Staves
  2177 | D:9      | Reached skill level 4 in Slings
  2177 | D:9      | Reached skill level 4 in Bows
  2177 | D:9      | Reached skill level 4 in Crossbows
  2177 | D:9      | Reached skill level 4 in Throwing
  2177 | D:9      | Reached skill level 4 in Armour
  2177 | D:9      | Reached skill level 4 in Stealth
  2177 | D:9      | Reached skill level 4 in Shields
  2177 | D:9      | Reached skill level 4 in Evocations
  2185 | D:9      | Reached ** piety under Cheibriados
  2208 | D:10     | Entered Level 10 of the Dungeon
  2232 | D:9      | Noticed Erica
  2249 | D:9      | Killed Erica
  2249 | D:9      | Reached skill level 5 in Fighting
  2249 | D:9      | Reached skill level 8 in Unarmed Combat
  2278 | D:9      | Found a roughly hewn altar of Beogh.
  2295 | D:9      | Reached skill level 5 in Invocations
  2391 | D:10     | Reached skill level 7 in Spellcasting
  2391 | D:10     | Reached XP level 10. HP: 31/74 MP: 17/20
  2428 | D:10     | Reached skill level 4 in Conjurations
  2428 | D:10     | Reached skill level 4 in Hexes
  2428 | D:10     | Reached skill level 4 in Charms
  2428 | D:10     | Reached skill level 4 in Summonings
  2428 | D:10     | Reached skill level 4 in Necromancy
  2428 | D:10     | Reached skill level 4 in Translocations
  2428 | D:10     | Reached skill level 4 in Fire Magic
  2428 | D:10     | Reached skill level 4 in Ice Magic
  2428 | D:10     | Reached skill level 4 in Air Magic
  2428 | D:10     | Reached skill level 4 in Earth Magic
  2428 | D:10     | Reached skill level 4 in Poison Magic
  2459 | D:10     | Learned a level 4 spell: Olgreb's Toxic Radiance
  2464 | D:10     | Learned a level 4 spell: Sticky Flame
  2470 | D:10     | Learned a level 5 spell: Blade Hands
  2566 | D:11     | Noticed a manticore
  2587 | D:11     | Reached skill level 5 in Short Blades
  2587 | D:11     | Reached skill level 5 in Long Blades
  2587 | D:11     | Reached skill level 5 in Axes
  2587 | D:11     | Reached skill level 5 in Maces & Flails
  2587 | D:11     | Reached skill level 5 in Polearms
  2587 | D:11     | Reached skill level 5 in Staves
  2587 | D:11     | Reached skill level 5 in Slings
  2587 | D:11     | Reached skill level 5 in Bows
  2587 | D:11     | Reached skill level 5 in Crossbows
  2587 | D:11     | Reached skill level 5 in Throwing
  2587 | D:11     | Reached skill level 5 in Armour
  2587 | D:11     | Reached skill level 5 in Stealth
  2587 | D:11     | Reached skill level 5 in Shields
  2587 | D:11     | Reached skill level 5 in Evocations
  2597 | D:12     | Noticed a five-headed hydra
  2623 | D:11     | HP: 4/76 [iguana (15)]
  2626 | D:11     | Mangled by a manticore

Vault maps used:
D:1:      lightli_arrival_statuegarden, hangedman_decor_points,
          serial_bayou_pond_a, nrook_mini_backslash,
          corexii_item_surrounded_by_moat, minmay_misc_feat_cross
D:2:      ashenzari_conservatory_becter, yredelemnul_forgotten_temple_becter,
          first_ration, minmay_misc_feat_roman
D:3:      cheibrodos_sewer_entry_drain
D:4:      lemuel_castle_with_subvaults,
          nicolae_gozag_cash_rules_everything_around_me,
          nicolae_tso_besieged_by_evil, ashenzari_altar_1
D:5:      regret_index_temple_of_mockery, amethyst_overflow_temple_binary,
          uniq_blork_the_orc
D:6:      okawaru_trees_1, kennysheep_generic_room_5
D:7:      nicolae_dithmenos_through_a_glass_darkly, grunt_qazlal_sundering,
          minmay_temple_entry_butterflies, serial_shops, shop, shop, shop,
          kennysheep_mini_moat, nicolae_shop_behind_doors, uniq_joseph
D:8:      marbit_many_paths
D:9:      lemuel_crystal_altar, hiddenorc2_lemuel, special_room,
          kennysheep_generic_room_9, uniq_erica
D:10:     lair_entry_dummy, grunt_livestock
D:11:     uniq_harold
D:12:     serial_shops, shop, basic_altar, minmay_door_square, uniq_rupert

Skill      XL: |  1  2  3  4  5  6  7  8  9 10 |
---------------+-------------------------------+-----
Spellcasting   | 5 6 7 |  7.1
Invocations    | 1 2 3 4 5 |  5.4
Short Blades   | 1 2 3 4 5 |  5.0
Long Blades    | 1 2 3 4 5 |  5.0
Axes           | 1 2 3 4 5 |  5.0
Maces & Flails | 1 2 3 4 5 |  5.0
Polearms       | 1 2 3 4 5 |  5.0
Staves         | 1 2 3 4 5 |  5.0
Slings         | 1 2 3 4 5 |  5.0
Bows           | 1 2 3 4 5 |  5.0
Crossbows      | 1 2 3 4 5 |  5.0
Throwing       | 1 2 3 4 5 |  5.0
Armour         | 1 2 3 4 5 |  5.0
Stealth        | 1 2 3 4 5 |  5.0
Shields        | 1 2 3 4 5 |  5.0
Evocations     | 1 2 3 4 5 |  5.0
Conjurations   | 1 2 3 4 |  4.1
Hexes          | 1 2 3 4 |  4.1
Charms         | 1 2 3 4 |  4.1
Summonings     | 1 2 3 4 |  4.1
Necromancy     | 1 2 3 4 |  4.1
Translocations | 1 2 3 4 |  4.1
Fire Magic     | 1 2 3 4 |  4.1
Ice Magic      | 1 2 3 4 |  4.1
Air Magic      | 1 2 3 4 |  4.1
Earth Magic    | 1 2 3 4 |  4.1
Poison Magic   | 1 2 3 4 |  4.1
Fighting       | 3 4 5 |  5.6
Transmutations | 4 5 |  5.6
Dodging        | 5 6 |  6.8
Unarmed Combat | 7 8 |  8.3

Action                   |  1- 3 |  4- 6 |  7- 9 | 10-12 || total
-------------------------+-------+-------+-------+-------++-------
Melee: Unarmed           |    40 |    58 |   203 |    35 ||   336
       Kick              |     2 |       |       |       ||     2
       Bite              |     2 |       |     1 |       ||     3
       Punch             |     1 |       |       |       ||     1
       Headbutt          |     5 |       |       |       ||     5
       Dagger            |     1 |     1 |     6 |       ||     8
 Cast: Beastly Appendage |     6 |       |       |       ||     6
       Sticks to Snakes  |     2 |     3 |    21 |     6 ||    32
       Spider Form       |     7 |    12 |    25 |     4 ||    48
 Abil: End Transformatio |       |     1 |       |       ||     1
Evoke: Wand              |       |     3 |       |       ||     3
  Use: Scroll            |     6 |     2 |     7 |     1 ||    16
       Potion            |       |     1 |     1 |     1 ||     3
 Stab: Sleeping          |     2 |       |     3 |       ||     5
       Distracted        |       |       |     1 |     2 ||     3
  Eat: Ration            |     1 |       |       |       ||     1
       Chunk             |       |       |     3 |       ||     3
Armor: Robe              |     3 |     1 |     8 |       ||    12
       Skin              |       |     1 |     1 |     1 ||     3
Dodge: Dodged            |    22 |    52 |   201 |    37 ||   312
Block: Other             |       |     2 |    15 |     3 ||    20
       Reflection        |       |     1 |       |       ||     1

Table legend:
 A = Spawn XP
 B = Non-spawn XP
 C = Spawn XP percentage of total XP
 D = Spawn monster count
 E = Non-spawn monster count
 F = Spawn count percentage of total count
 G = Total turns spent on level
                    A         B        C        D         E        F      G
               +---------+---------+-------+---------+---------+-------+---------
         Total |       0 |    5660 |   0.0 |       0 |     116 |   0.0 |  2626
               +---------+---------+-------+---------+---------+-------+---------
           D:1 |       0 |       7 |   0.0 |       0 |       3 |   0.0 |    61
           D:2 |       0 |      46 |   0.0 |       0 |      12 |   0.0 |   505
           D:3 |       0 |      56 |   0.0 |       0 |      11 |   0.0 |   163
           D:4 |       0 |     152 |   0.0 |       0 |       9 |   0.0 |   294
           D:5 |       0 |     267 |   0.0 |       0 |       4 |   0.0 |   283
           D:6 |       0 |     677 |   0.0 |       0 |      15 |   0.0 |   244
           D:7 |       0 |     602 |   0.0 |       0 |      21 |   0.0 |   266
           D:8 |       0 |     628 |   0.0 |       0 |      10 |   0.0 |   268
           D:9 |       0 |    1954 |   0.0 |       0 |      20 |   0.0 |   277
          D:10 |       0 |     753 |   0.0 |       0 |       9 |   0.0 |   205
          D:11 |       0 |     518 |   0.0 |       0 |       2 |   0.0 |    58
               +---------+---------+-------+---------+---------+-------+---------

Table legend:
 A = Turns spent in this place as a percentage of turns spent in the entire game.
 B = Non-inter-level travel turns spent in this place as a percentage of non-inter-level travel turns spent in the entire game.
 C = Inter-level travel turns spent in this place as a percentage of turns spent in this place.
 D = Turns resting spent in this place as a percentage of non-inter-level travel turns spent in this place.
 E = Turns spent auto-exploring this place as a percentage of non-inter-level travel turns spent in this place.
 F = Non-inter-level travel turns spent in this place divided by the number of levels of this place that you've seen.
                   A       B       C       D       E      F
               +-------+-------+-------+-------+-------+----------------------
         Total | 100.0 | 100.0 |   0.9 |   0.0 |   0.0 | 216.8
       Dungeon | 100.0 | 100.0 |   0.9 |   0.0 |   0.0 | 216.8
               +-------+-------+-------+-------+-------+----------------------

Table legend:
 A = Kills in this place as a percentage of kills in entire the game.
 B = Kills by you in this place as a percentage of kills by you in the entire game.
 C = Kills by friends in this place as a percentage of kills by friends in the entire game.
 D = Other kills in this place as a percentage of other kills in the entire game.
 E = Experience gained in this place as a percentage of experience gained in the entire game.
 F = Experience gained in this place divided by the number of levels of this place that you have seen.
                   A       B       C       D       E      F
               +-------+-------+-------+-------+-------+----------------------
         Total | 100.0 | 100.0 | 100.0 |   N/A | 100.0 | 471.7
       Dungeon | 100.0 | 100.0 | 100.0 |   N/A | 100.0 | 471.7
               +-------+-------+-------+-------+-------+----------------------

Vault maps used:
D:1:      lightli_arrival_statuegarden, hangedman_decor_points,
          serial_bayou_pond_a, nrook_mini_backslash,
          corexii_item_surrounded_by_moat, minmay_misc_feat_cross
D:2:      ashenzari_conservatory_becter, yredelemnul_forgotten_temple_becter,
          first_ration, minmay_misc_feat_roman
D:3:      cheibrodos_sewer_entry_drain
D:4:      lemuel_castle_with_subvaults,
          nicolae_gozag_cash_rules_everything_around_me,
          nicolae_tso_besieged_by_evil, ashenzari_altar_1
D:5:      regret_index_temple_of_mockery, amethyst_overflow_temple_binary,
          uniq_blork_the_orc
D:6:      okawaru_trees_1, kennysheep_generic_room_5
D:7:      nicolae_dithmenos_through_a_glass_darkly, grunt_qazlal_sundering,
          minmay_temple_entry_butterflies, serial_shops, shop, shop, shop,
          kennysheep_mini_moat, nicolae_shop_behind_doors, uniq_joseph
D:8:      marbit_many_paths
D:9:      lemuel_crystal_altar, hiddenorc2_lemuel, special_room,
          kennysheep_generic_room_9, uniq_erica
D:10:     lair_entry_dummy, grunt_livestock
D:11:     uniq_harold
D:12:     serial_shops, shop, basic_altar, minmay_door_square, uniq_rupert
